 Dungeon Crawl Stone Soup version 0.27.0-1-g7a089689b8 (webtiles) character file.

Game seed: 15317565326051338905

3 mainiacjoe the Stinger (level 1, 0/13 HPs)
             Began as a Merfolk Venom Mage on July 31, 2021.
             Slain by an endoplasm (2 damage)
             ... on level 1 of the Dungeon.
             The game lasted 00:01:22 (93 turns).

mainiacjoe the Stinger (Merfolk Venom Mage)           Turns: 93, Time: 00:01:24

Health: 0/13       AC:  2    Str:  8    XL:     1   Next: 50%
Magic:  0/3        EV: 12    Int: 14    God:
Gold:   0          SH:  0    Dex: 14    Spells: 3/4 levels left

rFire    . . .     SeeInvis .   (no weapon)
rCold    . . .     Faith    .   (no shield)
rNeg     . . .     Spirit   .   a - +0 robe
rPois    .         Reflect  .   (no helmet)
rElec    .         Harm     .   (no cloak)
rCorr    .         Rampage  .   (no gloves)
Will     .....                  (no boots)
Stlth    ++........             (no amulet)
HPRegen  0.04/turn              (no ring)
MPRegen  0.08/turn              (no ring)

@: no status effects
A: (nimble swimmer 2), mertail
a: no special abilities


You were on level 1 of the Dungeon.
You visited 1 branch of the dungeon, and saw 1 of its levels.

Inventory:

Armour
 a - a +0 robe (worn)


   Skills:
 - Level 2.6 Dodging
 - Level 2.1 Stealth
 - Level 2.0 Spellcasting
 + Level 0.1 Conjurations
 - Level 1.5 Transmutations
 + Level 0.1 Air Magic
 * Level 3.4 Poison Magic


You had 3 spell levels left.
You knew the following spells:

 Your Spells              Type           Power      Damage    Failure   Level
a - Sting                 Tmut/Pois      32%        1d4       9%          1

Your spell library contained the following spells:

 Spells                   Type           Power      Damage    Failure   Level
 Poisonous Vapours        Pois/Air       12%        N/A       17%         2
 Mephitic Cloud           Conj/Pois/Air  4%         N/A       41%         3
 Olgreb's Toxic Radiance  Pois           10%        N/A       52%         4


Dungeon Overview and Level Annotations

Branches:
Dungeon (1/15)

Altars:


Innate Abilities, Weirdness & Mutations

((You are quick and stealthy near water. (Stealth+, EV+, Speed+++)))
Your lower body shifts to a powerful aquatic tail in water.


Message History

You hit the bat.
You kill the bat!
Casting: Sting (safe; 9% risk of failure)
Confirm with . or Enter, or press ? or * to list all spells.
Aiming: Sting (safe; 9% risk of failure)
Press: ? - help, Shift-Dir - straight line, f - jackal
Aim: a jackal (60% to hit)
The sting hits the jackal.
The jackal is poisoned.
The jackal is moderately wounded.
The jackal barely misses you. The jackal bites you.
An endoplasm comes into view.
The endoplasm quivers.
The jackal bites you.
You barely miss the jackal.
The jackal is almost dead.
The endoplasm hits you. The jackal misses you.
You barely miss the jackal.
The jackal is almost dead.
You kill the jackal!
The endoplasm hits you.
* * * LOW HITPOINT WARNING * * *
Training target 1.5 for Transmutations reached!
You see here a jackal corpse.
Casting: Sting (safe; 9% risk of failure)
Confirm with . or Enter, or press ? or * to list all spells.
Aiming: Sting (safe; 9% risk of failure)
Press: ? - help, Shift-Dir - straight line, f - endoplasm
Aim: an endoplasm (97% to hit)
The sting hits the endoplasm.
The endoplasm is poisoned.
The endoplasm is lightly wounded.
The endoplasm misses you.
Casting: Sting (safe; 9% risk of failure)
Confirm with . or Enter, or press ? or * to list all spells.
Aiming: Sting (safe; 9% risk of failure)
Press: ? - help, Shift-Dir - straight line, f/p - endoplasm
Aim: an endoplasm (lightly wounded, poisoned, 97% to hit)
The sting hits the endoplasm.
The endoplasm looks even sicker.
The endoplasm is moderately wounded.
The endoplasm hits you.
You die...

#......)...P.P
#............
#............
#...........
#...........
#..........#
#...# #.#
#..†######.#
######......@J†.#
#....#....#######
#.........#
####..####.#
###<.###.###.#
##8##...##.##..
#...####.##.####
.###...##.##.#
.#8###..##.#.#


You could see an endoplasm (very poisoned).

Vanquished Creatures
  2 jackals (D:1)
  A bat (D:1)
3 creatures vanquished.

Notes
Turn   | Place    | Note
-------+----------+-------------------------------------------
     0 | D:1      | mainiacjoe the Merfolk Venom Mage began the quest for the
                  | Orb.
     0 | D:1      | Reached XP level 1. HP: 13/13 MP: 3/3
    93 | D:1      | Slain by an endoplasm

Illustrated notes

Levels and vault maps discovered:
D:1:      nagdon_arrival_double_spiral, layout_basic, serial_shops,
          nicolae_shop_overgrown_old_shop, minmay_tetromino_i2

Action                   || total
-------------------------++-------
Melee: Unarmed           ||    10
 Cast: Sting             ||     4
Armor: Robe              ||     7
Dodge: Dodged            ||    10
